 Dungeon Crawl Stone Soup version 0.21-a0-128-gf2b353c (webtiles) character file.

617 Kurtz the Chopper (level 7, -5/52 HPs)
             Began as a Mummy Abyssal Knight on July 16, 2017.
             Was a Believer of Lugonu.
             Hit by a large rock thrown by a cyclops (25 damage)
             ... on level 3 of the Dungeon.
             The game lasted 00:07:30 (13571 turns).

Kurtz the Chopper (Mummy Abyssal Knight)           Turns: 13571, Time: 00:07:30

Health: -5/52      AC:  9    Str: 18    XL:     7   Next: 21%
Magic:  8/8        EV:  7    Int: 11    God:    Lugonu [**....]
Gold:   219        SH:  0    Dex: 11    Spells: 6/6 levels left

rFire    x . .     SeeInvis .   g - +0 broad axe
rCold    + . .     Gourm    .   (no shield)
rNeg     + + +     Faith    .   o - +0 chain mail
rPois    ∞         Spirit   .   h - +1 hat
rElec    .         Reflect  .   (no cloak)
rCorr    .         Harm     .   (no gloves)
MR       .....     Rnd*Tele +   (no boots)
Stlth    ..........             (no amulet)
HPRegen  0.17/turn              i - ring of teleportation
MPRegen  0.11/turn              (no ring)

@: no status effects
A: no food or potions, fire vulnerability, cold resistance 1, negative energy
resistance 3, torment resistance, unbreathing
a: Depart the Abyss, Bend Space, Renounce Religion


You were on level 3 of the Dungeon.
You worshipped Lugonu.
Lugonu was pleased with you.
You were not hungry.

You visited 1 branch of the dungeon, and saw 4 of its levels.
You visited the Abyss 1 time.

You collected 219 gold pieces.

Inventory:

Hand Weapons
 a - a +1 hand axe
 g - a +0 broad axe (weapon)
Armour
 b - a +0 leather armour
 h - a +1 hat (worn)
 o - a +0 chain mail (worn)
Jewellery
 i - a ring of teleportation (left hand)
Wands
 m - a wand of disintegration (0/24)
 r - a wand of acid (5/15)
Scrolls
 c - a scroll of immolation
 d - a scroll of magic mapping {unknown}
 e - 2 scrolls of teleportation
 f - 2 scrolls of identify
 j - 2 scrolls of noise
 k - a scroll of fog {unknown}
 l - a scroll of amnesia {unknown}
 n - a scroll of random uselessness {unknown}
 q - a scroll of enchant weapon {unknown}


   Skills:
 - Level 3.0 Fighting
 * Level 6.7 Axes
 - Level 1.5 Armour
 + Level 0.7 Dodging
 - Level 1.5 Invocations


You had 6 spell levels left.
You didn't know any spells.

Dungeon Overview and Level Annotations

Branches:
Dungeon (4/15)
 Temple: D:4-7

Altars:
Nemelex Xobeh

Annotations:
D:4 Dowan, Duvessa


Innate Abilities, Weirdness & Mutations

You do not eat or drink.
Your flesh is vulnerable to fire.
You are immune to poison.
Your flesh is cold resistant. (rC+)
You are immune to negative energy. (rN+++)
You are immune to unholy pain and torment.
You can survive without breathing.


Message History

No target in view!
No target in view!
No target in view!
No target in view!
No target in view!
No target in view!
No target in view!
No target in view!
No target in view!
You start waiting.
Done waiting.
You start waiting.
You are suddenly yanked towards a nearby monster!
Your surroundings suddenly seem different.
A cyclops comes into view.
The cyclops shouts!
The cyclops throws a large rock.
The large rock hits you!!
Ouch! That really hurt!
The cyclops throws a large rock.
The large rock hits you!!
You die...

#.###.###.# ##...## #..###.#.
#.###.###.###.....## #..# #.#.
.......##.##C......## ##..###.#.
#......##.#.........####.......#.
#.........'........%'............
#......##.#.........####...#.####
#.........##.......## ##.##.#
.......######..(..## ####.#
####.### ##..@## #.# #.# ##+##
#.# #.# #.# #.# #.# #.# #.# #.#
##.## ##### #.#
##.#########...#####...# #.#
#...##..†.......)......# #.#
#..(...#####...#####...###.#
#...#### ##.## ##..†...#


You could see a cyclops.

Vanquished Creatures
  Sigmund (D:2)
  A phantom (D:2)
  A centaur (D:3)
  A crimson imp (D:3)
  A hound (D:3)
  9 adders
  2 gnolls (D:2)
  An ooze (D:1)
  5 worms
  4 dart slugs (D:1)
  4 leopard geckos
  An orc (D:3)
  4 giant cockroaches
  15 goblins
  13 hobgoblins
  6 jackals
  14 kobolds
  10 bats
  6 frilled lizards
  8 rats
107 creatures vanquished.

Notes
Turn   | Place    | Note
-------+----------+-------------------------------------------
     0 | Abyss:1  | Kurtz the Mummy Abyssal Knight began the quest for the Orb.
     0 | Abyss:1  | Reached XP level 1. HP: 18/18 MP: 2/2
    33 | Abyss:1  | Noticed a thrashing horror
    65 | Abyss:2  | Noticed a spatial vortex
    68 | Abyss:2  | Noticed a spatial vortex
    71 | Abyss:2  | Noticed a spatial vortex
    71 | Abyss:2  | Noticed a spatial vortex
    74 | Abyss:2  | Noticed a wraith
    85 | Abyss:2  | Noticed a large abomination
   106 | Abyss:2  | Noticed a ynoxinul
   106 | D:1      | Escaped the Abyss
   258 | D:1      | Reached skill level 2 in Axes
   586 | D:1      | Reached XP level 2. HP: 21/24 MP: 3/3
   604 | D:1      | Reached * piety under Lugonu
  1086 | D:1      | Reached XP level 3. HP: 28/29 MP: 4/4
  1101 | D:1      | Reached skill level 3 in Axes
  1767 | D:2      | Reached XP level 4. HP: 18/35 MP: 5/5
  2191 | D:2      | Reached ** piety under Lugonu
  2233 | D:2      | Noticed Sigmund
  2428 | D:1      | Reached skill level 4 in Axes
  3062 | D:2      | Found a sparkling altar of Nemelex Xobeh.
  3367 | D:2      | Killed Sigmund
  3367 | D:2      | Reached skill level 5 in Axes
  3367 | D:2      | Reached XP level 5. HP: 37/41 MP: 6/6
  3367 | D:2      | Reached XP level 6. HP: 42/47 MP: 7/7
  4191 | D:3      | Reached skill level 6 in Axes
  8588 | D:2      | Reached XP level 7. HP: 30/52 MP: 8/8
 10061 | D:4      | Noticed Duvessa
 10062 | D:4      | Noticed Dowan
 11058 | D:2      | Noticed a shadow
 13570 | D:3      | Noticed a cyclops
 13571 | D:3      | Hit by a large rock thrown by a cyclops

Vault maps used:
D:1:      erik_arrival_cave_to_civilisation
D:2:      nemelex_altar_shiori, uniq_sigmund
D:4:      uniq_duvessa
Abyss:2:  due_exit_kobolds

Skill      XL: |  1  2  3  4  5  6 |
---------------+-------------------+-----
Axes           | 2 3 5 6 |  6.7
Fighting       | |  3.0
Armour         | |  1.5
Dodging        | |  0.7
Invocations    | |  1.5

Action                   |  1- 3 |  4- 6 |  7- 9 || total
-------------------------+-------+-------+-------++-------
Melee: Broad axe         |   122 |   230 |    46 ||   398
Invok: Depart the Abyss  |     1 |       |       ||     1
Evoke: Wand              |       |     2 |       ||     2
  Use: Scroll            |       |     1 |     4 ||     5
Armor: Leather armour    |    56 |     6 |       ||    62
       Chain mail        |       |   174 |    31 ||   205
Dodge: Dodged            |   103 |   128 |    22 ||   253
